 Dungeon Crawl Stone Soup version 0.29.0-11-gd7f09526c8 (webtiles) character file.

Game seed: 13899119636445803338

14350 purpskrrrp the Protected (level 12, -5/74 HPs)
             Began as a Gargoyle Monk on Sept 2, 2022.
             Was a High Priest of Nemelex Xobeh.
             Slain by a shadow (15 damage)
             ... on level 11 of the Dungeon.
             The game lasted 00:53:43 (10913 turns).

purpskrrrp the Protected (Gargoyle Monk)           Turns: 10913, Time: 00:53:44

Health: -5/74      AC: 26    Str: 32    XL:     12   Next: 15%
Magic:  19/19      EV: 11    Int: 11    God:    Nemelex Xobeh [*****.]
Gold:   115        SH:  0    Dex: 12    Spells: 11/11 levels left

rFire   . . .      SeeInvis .   g - +0 morningstar (spect)
rCold   . . .      Faith    .   M - +0 buckler
rNeg    + . .      Spirit   .   x - +0 chain mail
rPois   ∞          Reflect  .   P - +0 helmet
rElec   +          Harm     .   h - +0 cloak
rCorr   .          Rampage  .   y - +0 pair of gloves
Will    .....                   w - +0 pair of boots
Stlth   ..........              (no amulet)
HPRegen 0.22/turn               k - +6 ring of strength
MPRegen 0.16/turn               m - +6 ring of strength

@: confused, ambrosia-drunk, studying 2 skills
A: sickness immunity, AC +8, negative energy resistance 1, electricity
resistance, torment resistance 1, petrification resistance
a: Renounce Religion, Draw Escape, Draw Destruction, Draw Summoning, Triple
Draw, Deal Four, Stack Five


You were on level 11 of the Dungeon.
You worshipped Nemelex Xobeh.
Nemelex Xobeh was extremely pleased with you.
You visited 1 branch of the dungeon, and saw 11 of its levels.
You also visited: Ice Cave.

You collected 619 gold pieces.
You spent 504 gold pieces at shops.

Inventory:

Hand Weapons
 a - a +0 mace
 c - a +3 quarterstaff of chaos
 g - a +0 spectral morningstar (weapon)
 i - a +0 hammer
 n - a +3 spear
 B - a +1 whip of electrocution
 N - a +2 falchion of holy wrath
 S - a +2 morningstar of protection
Missiles
 W - 2 curare-tipped darts
Armour
 b - a +0 robe
 d - a +0 scale mail
 h - a +0 cloak (worn)
 w - a +0 pair of boots (worn)
 x - a +0 chain mail (worn)
 y - a +0 pair of gloves (worn)
 M - a +0 buckler (worn)
 P - a +0 helmet (worn)
Jewellery
 f - a ring of positive energy
 k - a +6 ring of strength (left hand)
 m - a +6 ring of strength (right hand)
 v - a +4 ring of slaying
 A - a ring of willpower
 J - the ring "Lociap" {rF- rN+ MP+9 Int+3}
   (You found it on level 8 of the Dungeon)

   [ring of magical power]

   Int:       It affects your intelligence (+3).
   rF:        It makes you vulnerable to fire.
   rN:        It protects you from negative energy.
   MP:        It affects your magic capacity (+9).
 U - a ring of protection from cold
Wands
 u - a wand of mindburst (11)
 z - a wand of iceblast (7)
 D - a wand of polymorph (4)
 H - a wand of acid (8) (quivered)
 O - a wand of digging (5)
Scrolls
 q - a scroll of magic mapping
 s - 2 scrolls of immolation
 C - a scroll of enchant armour {unknown}
 I - 5 scrolls of teleportation
 L - a scroll of butterflies
 R - 3 scrolls of identify
 T - a scroll of amnesia
 V - a scroll of fear
Potions
 e - a potion of magic
 j - 5 potions of curing
 l - a potion of might
 o - 2 potions of cancellation
 p - 2 potions of flight
 E - a potion of invisibility
 F - 2 potions of mutation
 G - a potion of attraction
 Q - a potion of resistance {unknown}
Miscellaneous
 r - a condenser vane
 K - a phantom mirror


   Skills:
 + Level 8.2 Fighting
 * Level 7.5(8.8) Maces & Flails
 - Level 7.0(8.5) Staves
 + Level 9.8 Armour
 + Level 6.2 Dodging
 - Level 2.3 Stealth
 * Level 5.7 Shields
 + Level 9.7 Invocations


You had 11 spell levels left.
You didn't know any spells.
Your spell library contained the following spells:

 Spells                   Type           Power      Damage    Failure   Level
 Apportation              Tloc           0%         N/A       86%         1
 Beastly Appendage        Tmut           0%         N/A       86%         1
 Foxfire                  Conj/Fire      0%         2x1d4     86%         1
 Static Discharge         Conj/Air       0%         3-3/arc   94%         2
 Wereblood                Tmut           0%         N/A       94%         2
 Conjure Flame            Conj/Fire      0%         6-21      99%         3
 Gell's Gravitas          Tloc           0%         N/A       99%         3
 Inner Flame              Hex/Fire       0%         N/A       99%         3
 Lesser Beckoning         Tloc           0%         N/A       99%         3
 Spider Form              Tmut/Pois      0%         N/A       99%         3
 Summon Guardian Golem    Hex/Summ       0%         N/A       99%         3
 Teleport Other           Tloc           0%         N/A       99%         3
 Flame Wave               Conj/Fire      0%         2d4       100%        4
 Alistair's Intoxication  Tmut/Pois      0%         N/A       100%        5
 Lightning Bolt           Conj/Air       0%         1d11      100%        5
 Orb of Destruction       Conj           0%         9d5       100%        7
 Spellforged Servitor     Conj/Summ      0%         N/A       100%        7
 Summon Hydra             Summ           0%         N/A       100%        7
 Maxwell's Capacitive Co  Air            0%         ∞         100%        8
 Sublimation of Blood     Necr           Unusable   N/A       N/A         2

Dungeon Overview and Level Annotations

Branches:
Dungeon (11/15)            Temple (0/1) D:4            Lair (0/5) D:10
  IceCv (visited)
    Orc: D:9-12

Altars:
Ashenzari
Nemelex Xobeh
Qazlal
Wu Jian
Yredelemnul
The Shining One

Shops:
D:3 **(

Annotations:
D:9 exclusion: obsidian statue


Innate Abilities, Weirdness & Mutations

You are immune to sickness and miasma.
Your stone body is resilient. (AC +8)
You are immune to poison.
You resist negative energy. (rN+)
You are resistant to electric shocks. (rElec)
You are resistant to unholy torment.
You are immune to petrification.


Message History

You hit the yak but do no damage.
Your +0 spectral morningstar hits the yak.
The yak gores you but does no damage.
You impale the yak!!
The yak is severely wounded.
Your +0 spectral morningstar completely misses the yak.
You block the yak's attack.
You closely miss the yak.
The yak is severely wounded.
Your +0 spectral morningstar hits the yak!
You kill the yak!
You swap places.
You start resting.
A shadow comes into view.
The shadow slips into darkness.
The shadow flickers and vanishes!
Deactivating autopickup; reactivate with Ctrl-A.
You impale something!!
The shadow strikes at you from the darkness!
Reactivating autopickup.
The shadow slips into darkness.
The shadow flickers and vanishes!
Deactivating autopickup; reactivate with Ctrl-A.
You hit something but do no damage.
The shadow strikes at you from the darkness!
* * * LOW HITPOINT WARNING * * *
Reactivating autopickup.
You barely miss the shadow.
The shadow is severely damaged.
The shadow slips into darkness.
The shadow flickers and vanishes!
Deactivating autopickup; reactivate with Ctrl-A.
Okay, then.
You can't see any enemies this would affect, really read the scroll of fear?
Okay, then.
You are confused.
You feel invigorated.
The shadow strikes at you from the darkness!
You die...
Your body glows slightly and disappears.

#.#****#####***~*,*,,,,
#.# #...# *~*,,,,,~ #.#
###...###*~####.,~ #.#
#.......##~.....,~
#.####......†).[.....,*
##.......(.†††##~####W,*
#......††...###*~#,,*,,*
#.#####{#...# *~*,**,,*
#.# #@##### *~*,,,,,*
#.#####.# *~*,,,,,+
#.....#.# *~*******
#####.#.# **~~~~~~~
#.#.# *,**,*** ##.#.#
*,**,* #....# *,**,*
#..### *,**,* #..#
*,**,**


There were no monsters in sight!

Vanquished Creatures
  A two-headed ogre (D:9)
  2 death yaks (D:9)
  2 ice statues (IceCv)
  A gargoyle (D:11)
  An unseen horror (D:10)
  A freezing wraith (IceCv)
  6 trolls
  2 ice devils (D:11)
  A wraith (D:11)
  2 wyverns (D:8)
  A basilisk (D:10)
  7 yaks
  Menkaure (D:5)
  A steam dragon (D:8)
  4 vampire mosquitoes (D:11)
  A harpy simulacrum (IceCv)
  4 acid dragons
  A warg (D:6)
  A water moccasin (D:8)
  2 orc warriors
  3 black bears
  3 sky beasts
  An ice beast (D:7)
  2 ogres
  A centaur (D:10)
  A phantom (D:4)
  2 necrophages
  2 gnoll sergeants (D:9)
  A scorpion (D:6)
  A cane toad simulacrum (IceCv)
  A wight (D:4)
  An elephant simulacrum (IceCv)
  2 killer bees
  7 howler monkeys
  3 hounds
  Crazy Yiuf (D:2)
  4 orc priests
  A gnoll bouda (D:7)
  3 iguanas
  An orc wizard (D:10)
  3 polar bear simulacra (IceCv)
  11 adders
  14 gnolls
  2 river rats (D:7)
  A shadow imp (D:6)
  2 white imps
  An ufetubus (D:5)
  2 dart slugs
  16 orcs
  3 endoplasms
  3 giant cockroaches
  5 goblins
  4 hobgoblins
  2 quokkas
  7 ball pythons
  5 bats (D:1)
  2 frilled lizards
  6 kobolds
  2 rats
174 creatures vanquished.

Vanquished Creatures (collateral kills)
  A minotaur (D:10)
  A two-headed ogre (D:6)
  A cyclops (D:6)
  An ice statue (IceCv)
  An anaconda simulacrum (IceCv)
  A troll (D:6)
  A wyvern (D:7)
  3 yaks (D:9)
  A kobold brigand (D:9)
  A phantom (D:6)
  2 killer bees (D:7)
  An orc priest (D:8)
  An orc wizard (D:8)
  3 gnolls (D:9)
  An ufetubus (D:6)
  5 orcs
  5 kobolds (D:9)
30 creatures vanquished.

Vanquished Creatures (others)
  25 plants (D:6)
25 creatures vanquished.

Grand Total: 229 creatures vanquished

Notes
Turn   | Place    | Note
-------+----------+-------------------------------------------
     0 | D:1      | purpskrrrp the Gargoyle Monk began the quest for the Orb.
     0 | D:1      | Reached XP level 1. HP: 14/14 MP: 1/1
   321 | D:1      | Found a faded altar of an unknown god.
   429 | D:1      | Reached XP level 2. HP: 18/19 MP: 2/2
   699 | D:1      | Reached skill level 1 in Armour
   892 | D:1      | Prayed at the altar of an unknown god.
   892 | D:1      | Became a worshipper of Nemelex Xobeh the Trickster
   892 | D:1      | Reached * piety under Nemelex Xobeh
   892 | D:1      | Received a gift from Nemelex Xobeh
   892 | D:1      | Reached ** piety under Nemelex Xobeh
   892 | D:1      | Received a gift from Nemelex Xobeh
   980 | D:2      | Reached *** piety under Nemelex Xobeh
  1076 | D:2      | Reached XP level 3. HP: 23/23 MP: 3/3
  1166 | D:2      | Found a runed translucent door.
  1167 | D:2      | Noticed Crazy Yiuf
  1591 | D:2      | Killed Crazy Yiuf
  1592 | D:2      | Reached XP level 4. HP: 27/29 MP: 4/4
  1990 | D:3      | Found Emyschig's General Store.
  2061 | D:3      | Found Ikulug's General Store.
  2097 | D:3      | Received a gift from Nemelex Xobeh
  2189 | D:3      | Found Ninorin's Antique Weapon Shop.
  2205 | D:3      | Found a glowing golden altar of the Shining One.
  2383 | D:4      | Noticed a black bear
  2396 | D:4      | Killed a black bear
  2397 | D:4      | Reached skill level 1 in Staves
  2397 | D:4      | Reached skill level 1 in Invocations
  2397 | D:4      | Reached XP level 5. HP: 27/33 MP: 4/6
  2558 | D:4      | Noticed a phantom
  2558 | D:4      | Noticed a sky beast
  2586 | D:4      | Killed a sky beast
  2587 | D:4      | Reached XP level 6. HP: 26/38 MP: 7/7
  2594 | D:4      | Reached XP level 7. HP: 25/43 MP: 7/9
  2830 | D:4      | Found a stormy altar of Qazlal.
  3116 | D:4      | Received a gift from Nemelex Xobeh
  3154 | D:4      | Found a staircase to the Ecumenical Temple.
  3250 | D:4      | Found a broken altar of Ashenzari.
  3480 | D:5      | Entered Level 5 of the Dungeon
  3584 | D:5      | Reached **** piety under Nemelex Xobeh
  3748 | D:5      | Noticed Menkaure
  3750 | D:5      | Killed Menkaure
  3751 | D:5      | Reached XP level 8. HP: 48/48 MP: 9/11
  4110 | D:5      | Found a basalt altar of Yredelemnul.
  4503 | D:5      | Received a gift from Nemelex Xobeh
  4809 | D:6      | Reached skill level 5 in Fighting
  4809 | D:6      | Reached skill level 5 in Armour
  4964 | D:6      | Received a gift from Nemelex Xobeh
  5049 | D:6      | Found an ornate altar of the Wu Jian Council.
  5194 | D:6      | Reached skill level 5 in Invocations
  5356 | D:6      | Reached ***** piety under Nemelex Xobeh
  5478 | D:6      | Noticed a troll
  5485 | D:6      | Killed a troll
  5486 | D:6      | Noticed a two-headed ogre
  5495 | D:6      | Noticed a cyclops
  5496 | D:6      | Identified the -1 hand axe of Hotz {venom, Dex+3}
  5498 | D:6      | Killed a two-headed ogre
  5499 | D:6      | Reached skill level 5 in Staves
  5499 | D:6      | Reached XP level 9. HP: 13/55 MP: 13/13
  5506 | D:6      | Killed a cyclops
  6272 | D:7      | Reached XP level 10. HP: 33/61 MP: 15/15
  6491 | D:7      | Received a gift from Nemelex Xobeh
  7018 | D:8      | Identified the ring "Lociap" {rF- rN+ MP+9 Int+3}
  7285 | D:9      | Reached skill level 5 in Dodging
  7545 | D:9      | Noticed a two-headed ogre
  7550 | D:9      | Killed a two-headed ogre
  7585 | D:9      | Found a sparkling altar of Nemelex Xobeh.
  7624 | D:9      | Reached skill level 5 in Maces & Flails
  7803 | D:9      | Noticed an obsidian statue
  8009 | D:9      | Noticed a smoke demon
  8046 | D:9      | Noticed a sixfirhy
  8407 | D:3      | Bought a +6 ring of strength for 504 gold pieces
  8515 | D:10     | Entered Level 10 of the Dungeon
  8692 | D:10     | Killed an unseen horror
  8693 | D:10     | Reached XP level 11. HP: 63/67 MP: 17/17
  8709 | D:10     | Reached skill level 1 in Shields
  8905 | D:10     | Received a gift from Nemelex Xobeh
  9206 | D:10     | Noticed a death yak
  9208 | D:10     | Found a staircase to the Lair.
  9208 | D:10     | Noticed a death yak
  9208 | D:10     | Noticed a death yak
  9222 | D:9      | Killed a death yak
  9230 | D:9      | Killed a death yak
  9386 | D:10     | Noticed a minotaur
  9386 | D:10     | a death yak changed into a minotaur
  9389 | D:10     | Killed a minotaur
  9549 | D:10     | Received a gift from Nemelex Xobeh
  9747 | D:11     | Found a frozen archway.
  9766 | IceCv    | Entered an ice cave
 10209 | IceCv    | Noticed a white ugly thing
 10223 | IceCv    | HP: 1/68 [anaconda simulacrum (17)]
 10224 | IceCv    | Banished a white ugly thing
 10674 | D:11     | Reached skill level 5 in Shields
 10687 | D:11     | Reached XP level 12. HP: 45/73 MP: 19/19
 10913 | D:11     | Slain by a shadow

Illustrated notes

Levels and vault maps discovered:
D:1:      psy_arrival_dodecagon, layout_basic,
          hellmonk_ecumenical_altar_arch_garden, serial_curves, eino_curves_03,
          eino_curves_02
D:2:      layout_basic, uniq_crazy_yiuf_cottage
D:3:      layout_basic, lemuel_tele_altar, serial_shops, nicolae_shop_stone,
          shop_statue, shop, minmay_stone_trees_small
D:4:      layout_loops_cross, evilmike_ruin_ashenzari,
          mainiacjoe_overflow_brackets, minmay_temple_entry_poolview,
          minmay_manual_moon
D:5:      layout_layer_cave, kennysheep_mini, nicolae_elevator_lobby_plus,
          uniq_menkaure
D:6:      minmay_cornered_nines, layout_loops_cross,
          mainiacjoe_overflow_cross_hatched
D:7:      layout_rooms
D:8:      layout_rooms
D:9:      layout_gridville, mainiacjoe_overflow_concentric_impassable,
          minmay_statue_bubble
D:10:     layout_grid_maze, dpeg_lair_monsters
D:11:     cheibrodos_ideogram_h, layout_loops_ring,
          portal_ice_cave_demonic_guard, okawaru_trees_2

Skill      XL: |  1  2  3  4  5  6  7  8  9 10 11 |
---------------+----------------------------------+-----
Armour         | 1 2 3 4 6 7 8 9 |  9.8
Staves         | 1 2 3 5 6 7 |  7.0
Invocations    | 1 2 4 6 7 8 9 |  9.7
Fighting       | 4 5 6 7 8 |  8.2
Dodging        | 3 4 5 6 |  6.2
Maces & Flails | 5 7 |  7.5
Shields        | 5 |  5.7
Stealth        | |  2.3

Action                   |  1- 3 |  4- 6 |  7- 9 | 10-12 || total
-------------------------+-------+-------+-------+-------++-------
Melee: Mace              |    69 |       |       |       ||    69
       Quarterstaff      |       |    37 |   172 |    59 ||   268
       Morningstar       |       |       |       |   160 ||   160
Invok: Draw Destruction  |       |     3 |    16 |    19 ||    38
       Draw Summoning    |       |     1 |     6 |     9 ||    16
       Triple Draw       |       |       |       |     1 ||     1
       Deal Four         |       |       |       |     1 ||     1
Evoke: Wand              |       |       |       |     5 ||     5
  Use: Scroll            |     1 |     5 |    13 |    12 ||    31
       Potion            |     2 |     2 |     2 |     6 ||    12
 Stab: Sleeping          |     1 |       |       |       ||     1
       Confused          |       |       |       |     1 ||     1
       Distracted        |       |       |       |     1 ||     1
Armor: Robe              |     8 |       |       |       ||     8
       Scale mail        |    20 |    31 |    31 |       ||    82
       Skin              |     5 |       |       |       ||     5
       Chain mail        |       |       |    72 |   197 ||   269
Dodge: Dodged            |    40 |    31 |   110 |   151 ||   332
Block: Buckler           |       |       |       |    36 ||    36
